 Dungeon Crawl Stone Soup version 0.29-a0-338-g1ff7896281 (webtiles) character file.

Game seed: 1176025054810548536

15 MirrMurr the Sneak (level 2, -1/13 HPs)
             Began as a Spriggan Enchanter on Apr 18, 2022.
             Slain by an orc
             ... wielding a +0 mace
              (7 damage)
             ... on level 3 of the Dungeon.
             The game lasted 00:04:28 (557 turns).

MirrMurr the Sneak (Spriggan Enchanter)              Turns: 557, Time: 00:04:29

Health: -1/13      AC:  2    Str:  4    XL:     2   Next: 34%
Magic:  6/6        EV: 17    Int: 16    God:
Gold:   42         SH:  0    Dex: 15    Spells: 4/6 levels left

rFire   . . .      SeeInvis +   a - +1 dagger (venom)
rCold   . . .      Faith    .   (no shield)
rNeg    . . .      Spirit   .   b - +0 robe
rPois   .          Reflect  .   (helmet restricted)
rElec   .          Harm     .   (no cloak)
rCorr   .          Rampage  .   (gloves unavailable)
Will    .....                   (boots unavailable)
Stlth   +++.......              (no amulet)
HPRegen 0.04/turn               (no ring)
MPRegen 0.10/turn               (no ring)

@: very quick
A: very small, no large weapons, unfitting armour, see invisible, speed 3
a: no special abilities


You were on level 3 of the Dungeon.
You visited 1 branch of the dungeon, and saw 3 of its levels.

You collected 42 gold pieces.

Inventory:

Hand Weapons
 a - a +1 dagger of venom (weapon)
 w - a +1 dagger
Missiles
 d - 62 stones (quivered)
Armour
 b - a +0 robe (worn)
Jewellery
 f - a ring of protection from cold
Scrolls
 g - a scroll of torment {unknown}
 h - 2 scrolls of teleportation {unknown}
 i - a scroll of fog {unknown}
 j - a scroll of immolation {unknown}
Potions
 c - 2 potions of invisibility
 e - 2 potions of haste {unknown}


   Skills:
 + Level 2.0 Short Blades
 - Level 2.6 Dodging
 + Level 5.1 Stealth
 - Level 2.6 Spellcasting
 - Level 3.6 Hexes


You had 4 spell levels left.
You knew the following spells:

 Your Spells              Type           Power      Damage    Failure   Level
a - Ensorcelled Hibernat  Hex/Ice        14%        N/A       14%         2

Your spell library contained the following spells:

 Spells                   Type           Power      Damage    Failure   Level
 Confusing Touch          Hex            13%        N/A       13%         3
 Tukima's Dance           Hex            13%        N/A       13%         3
 Dazzling Flash           Conj/Hex       14%        N/A       28%         3


Dungeon Overview and Level Annotations

Branches:
Dungeon (3/15)

Altars:


Innate Abilities, Weirdness & Mutations

You are very small and have problems with some larger weapons.
You are too small for most types of armour.
You have supernaturally acute eyesight. (SInv)
You cover ground extremely quickly. (Speed+++)


Message History

You impale the kobold!!
You kill the kobold!
Things that are here:
a +1 dagger of venom; a kobold corpse Adjust (i)tems, (s)pells, or (a)bilities?
a - a +1 dagger (weapon)
Adjust to which letter? (? for menu, Esc to quit)
w - a +1 dagger (weapon)
Your +1 dagger of venom begins to drip with poison!
a - a +1 dagger of venom (weapon)
There is a stone staircase leading down here.
You climb downwards.
You hear the sound of rushing water.
There is an entrance to a sewer on this level.
Hurry and find it before the portal rusts away!
There is a stone staircase leading up here.
Magic restored.
d - 62 stones (gained 16)
Found a stone staircase leading up.
Found 9 gold pieces and a robe.
You now have 42 gold pieces (gained 8).
A rat comes into view.
Found a hand axe and 15 gold pieces.
Found a stone staircase leading up.
There is a stone staircase leading up here.
An orc comes into view. It is wielding a +0 mace.
The orc shouts!
You hit the rat but do no damage.
The rat is poisoned.
You kill the rat!
You barely miss the orc. The orc hits you with a +0 mace!
Ouch! That really hurt!
You are too injured to fight recklessly!
You are too injured to fight recklessly!
You are too injured to fight recklessly!
You are too injured to fight recklessly!
You are too injured to fight recklessly!
You hit the orc.
The orc is poisoned.
The orc is heavily wounded.
The orc hits you with a +0 mace!
Ouch! That really hurt!
You die...

.........#.###...#
#........## ##..#
###.......###.#.#
............#.##.# ##
.###.......#.###.#####.
#......<..............
#[###...#######.#####<
#. #...# #.# #. #
##@..#######.# #.
#o..†........# #.
..........#######.# #.
......$##)... ... #.
##..... .<.### #.# #.
#..### #.## #.# #. #..
#.# #. ..# # ##


You could see an orc (very poisoned).

Vanquished Creatures
  A worm (D:2)
  2 bats
  An endoplasm (D:1)
  A hobgoblin (D:1)
  4 kobolds
  2 rats
11 creatures vanquished.

Notes
Turn   | Place    | Note
-------+----------+-------------------------------------------
     0 | D:1      | MirrMurr the Spriggan Enchanter began the quest for the
                  | Orb.
     0 | D:1      | Reached XP level 1. HP: 9/9 MP: 5/5
   400 | D:1      | Reached XP level 2. HP: 13/13 MP: 6/6
   404 | D:1      | Learned a level 2 spell: Ensorcelled Hibernation
   420 | D:2      | Reached skill level 5 in Stealth
   557 | D:3      | Slain by an orc

Illustrated notes

Levels and vault maps discovered:
D:1:      dpeg_arrival_lava_temple_mockup, layout_basic
D:2:      layout_rooms, columned_hall_lemuel, uniq_jessica, uniq_natasha,
          uniq_sigmund
D:3:      gammafunk_wand_slinger, layout_loops_ring, portal_sewer_entry_f,
          serial_park_tiny_2

Skill      XL: |  1  2 |
---------------+-------+-----
Stealth        | 5 |  5.1
Short Blades   | 2 |  2.0
Dodging        | |  2.6
Spellcasting   | |  2.6
Hexes          | |  3.6

Action                   || total
-------------------------++-------
Melee: Dagger            ||    24
 Cast: Ensorcelled Hiber ||     3
 Stab: Sleeping          ||     4
Armor: Robe              ||     4
Dodge: Dodged            ||    13

Table legend: (Time is in decaauts)
 A = Elapsed time spent in this place.
 B = Non-inter-level travel time spent in this place.
 C = Inter-level travel time spent in this place.
 D = Time resting spent in this place.
 E = Time spent auto-exploring this place.
 F = Levels seen in this place.
 G = Mean time per level.
                   A        B        C        D        E       F      G
               +--------+--------+--------+--------+--------+-----+--------+
         Total |    438 |    430 |      8 |     36 |    196 |   3 |  146.0 |
       Dungeon |    438 |    430 |      8 |     36 |    196 |   3 |  146.0 |
               +--------+--------+--------+--------+--------+-----+--------+

Top non-repeatable levels by time:
     D:1: 316 daAuts
     D:2: 84 daAuts
     D:3: 38 daAuts
